cohdb
Replays
Latest Replays
All Replays
Popular Replays
Top Player Replays
Match Explorer
How It Works
Community
CoH3 Stats
Reddit
Sign in to upload your games and track your stats! →
Sign in with Steam
Match 42601754
Unlisted
Match 42601754
Overview
Messages
Build Orders
End
Scout Squad
Construct Barracks
1⁄4-ton 4x4 Truck
Riflemen Squad
Riflemen Squad
Selects Heavy Weapons
Selects Assault Carriers
Infantry Support Center
Riflemen Squad
Construct Weapon Support Center
Infantry Support Center
Construct Medical Station
M3 Assault Carrier
Selects Exchangeable Parts
Selects Exchangeable Parts
M3 Assault Carrier
M1918 Browning Automatic Rifles
M3 Assault Carrier
Grenade Package
Riflemen Squad
Engineer Squad
Selects M26 Pershing Heavy Tank
M1919 Machine Gun Team
M26 Pershing Heavy Tank
Alexem
NotQuiteAKing
Task Force X
20k keks under the sea
0
0
Comments
sign in to comment!
No comments posted yet!